 Dungeon Crawl Stone Soup version 0.19-a0-1008-g4c63d25 (webtiles) character file.

53 epen the Changer (level 3, 0/26 HPs)
             Began as a Merfolk Transmuter on July 23, 2016.
             Slain by an orc priest
             ... wielding a +0 mace
              (10 damage)
             ... on level 3 of the Dungeon.
             The game lasted 00:02:08 (2193 turns).

epen the Changer (Merfolk Transmuter)               Turns: 2193, Time: 00:02:09

Health: 0/26       AC:  2    Str: 10    XL:     3   Next: 87%
Magic:  0/6        EV: 13    Int: 13    God:
Gold:   154        SH:  0    Dex: 14    Spells: 3 memorised, 1 level left

rFire  . . .     SeeInvis .       - Unarmed
rCold  . . .     Gourm    .     b - +0 robe
rNeg   . . .     Faith    .     (no shield)
rPois  .         Spirit   .     (no helmet)
rElec  .         Dismiss  .     (no cloak)
rCorr  .         Reflect  .     (no gloves)
SustAt .         Harm     .     (no boots)
MR     .....                    (no amulet)
Stlth  +.........               (no ring)
                                (no ring)

@: very slightly contaminated, not resistant to hostile enchantments, very
unstealthy
A: change form in water, swift swim
a: no special abilities


You were on level 3 of the Dungeon.
You were not hungry.

You visited 1 branch of the dungeon, and saw 3 of its levels.

You collected 154 gold pieces.

Inventory:

Missiles
 a - 8 arrows
Armour
 b - a +0 robe (worn)
Scrolls
 g - a scroll of magic mapping {unknown}
 h - a scroll of recharging {unknown}
 i - a scroll of identify {unknown}
 j - a scroll of random uselessness {unknown}
 l - 4 scrolls of teleportation {unknown}
 m - a scroll of fear {unknown}
Potions
 e - 3 potions of curing {unknown}
 f - a potion of beneficial mutation {unknown}
Books
 c - a book of Changes

   Spells                             Type                      Level
   a - Beastly Appendage              Transmutation                1
   b - Sticks to Snakes               Transmutation                2
   c - Spider Form                    Transmutation/Poison         3
   d - Ice Form                       Ice/Transmutation            4
   e - Blade Hands                    Transmutation                5
 k - a book of Maledictions

   Spells                             Type                      Level
   a - Corona                         Hexes                        1
   b - Ensorcelled Hibernation        Hexes/Ice                    2
   c - Confuse                        Hexes                        3
   d - Tukima's Dance                 Hexes                        3
   e - Dazzling Spray                 Conjuration/Hexes            3
Comestibles
 d - a bread ration


   Skills:
 + Level 1.5 Fighting
 + Level 3.0 Dodging
 + Level 3.7 Unarmed Combat
 * Level 2.6 Spellcasting
 * Level 3.7 Transmutations


You had one spell level left.
You knew the following spells:

 Your Spells              Type           Power        Failure   Level  Hunger
a - Beastly Appendage     Tmut           ##....       8%          1    #......
b - Sticks to Snakes      Tmut           ##......     10%         2    ###....
c - Spider Form           Tmut/Pois      #.........   34%         3    ###....


Dungeon Overview and Level Annotations

Branches:
Dungeon (3/15)

Altars:
Ashenzari
Fedhas


Message History

The orc priest is moderately wounded.
The orc priest hits you but does no damage.
Casting: Spider Form
Confirm with . or Enter, or press ? or * to list all spells.
You miscast Spider Form.
The air around you crackles with energy!
Casting: Spider Form
Confirm with . or Enter, or press ? or * to list all spells.
You don't know that spell.
You closely miss the orc priest.
The orc priest is moderately wounded.
The orc priest hits you with a mace.
A rat comes into view.
You hit the orc priest.
The orc priest is heavily wounded.
The orc priest barely misses you.
You hit the orc priest but do no damage.
The orc priest is heavily wounded.
The orc priest hits you with a mace!
You die...

#.# #..†# #.# #.###
#.# #.# #.# #.# #.#
#.#
#.###.######.#######
#............##†<.o#
#####.######.##.##o#
#@# #s .. #o# #. ..
#sr...... .. .
#####.### ##


You could see an orc priest, a giant cockroach and a rat.

Vanquished Creatures
  2 adders (D:2)
  A dart slug (D:1)
  An orc (D:3)
  4 bats
  2 giant cockroaches (D:2)
  A goblin (D:2)
  5 hobgoblins
  4 jackals
  2 quokkas (D:2)
  2 giant newts (D:2)
  3 kobolds
  5 rats
32 creatures vanquished.

Vanquished Creatures (collateral kills)
  A worm (D:2)
  A goblin (D:2)
2 creatures vanquished.

Vanquished Creatures (others)
  2 fungi (D:2)
2 creatures vanquished.

Grand Total: 36 creatures vanquished

Notes
Turn   | Place    | Note
-------+----------+-------------------------------------------
     0 | D:1      | epen the Merfolk Transmuter began the quest for the Orb.
     0 | D:1      | Reached XP level 1. HP: 15/15 MP: 3/3
    45 | D:1      | Found a shattered altar of Ashenzari.
   400 | D:1      | Reached XP level 2. HP: 20/21 MP: 5/5
   404 | D:1      | Learned a level 2 spell: Sticks to Snakes
   968 | D:2      | Reached XP level 3. HP: 15/26 MP: 1/6
  1317 | D:2      | Learned a level 3 spell: Spider Form
  1545 | D:2      | Found a blossoming altar of Fedhas.
  2193 | D:3      | Slain by an orc priest

Vault maps used:
D:1:      zaba_arrival_water, st_stairs_10, nicolae_ashenzari_panopticon
D:2:      fedhas_altar_3

Skill      XL: |  1  2 |
---------------+-------+-----
Transmutations | 3 |  3.7
Dodging        | 3 |  3.0
Fighting       | |  1.5
Unarmed Combat | |  3.7
Spellcasting   | |  2.6

Action                   || total
-------------------------++-------
Melee: Unarmed           ||   127
       Punch             ||     1
 Cast: Sticks to Snakes  ||     4
       Spider Form       ||     1
 Stab: Sleeping          ||     4
  Eat: Bread ration      ||     1
       Chunk             ||     1
Armor: Robe              ||    19
       Skin              ||     2
Dodge: Dodged            ||   109
